 Dungeon Crawl Stone Soup version 0.24-a0-549-g45f0056 (webtiles) character file.

Game seed: 7181513490892704386

180 DrKleor the Insei (level 5, 0/41 HPs)
             Began as a Demonspawn Gladiator on Aug 19, 2019.
             Slain by a worker ant (6 damage)
             ... on level 3 of the Dungeon.
             The game lasted 00:06:44 (3193 turns).

DrKleor the Insei (Demonspawn Gladiator)            Turns: 3193, Time: 00:06:44

Health: 0/41       AC:  4    Str: 15    XL:     5   Next: 33%
Magic:  0/5        EV: 13    Int:  9    God:
Gold:   180        SH:  0    Dex: 15    Spells: 4/4 levels left

rFire    . . .     SeeInvis .     - Unarmed
rCold    . . .     Gourm    .   (no shield)
rNeg     . . .     Faith    .   a - +0 leather armour
rPois    .         Spirit   +   b - +0 helmet
rElec    .         Reflect  .   (no cloak)
rCorr    .         Harm     .   (no gloves)
MR       .....                  (no boots)
Stlth    +.........             (no amulet)
HPRegen  0.13/turn              (no ring)
MPRegen  0.09/turn              (no ring)

@: lethally poisoned (0 -> -16)
A: magic shield
a: no special abilities


You were on level 3 of the Dungeon.
You were hungry.

You visited 1 branch of the dungeon, and saw 4 of its levels.

You collected 180 gold pieces.

Inventory:

Missiles
 c - 3 throwing nets (quivered)
Armour
 a - a +0 leather armour (worn)
 b - a +0 helmet (worn)
 h - a +1 leather armour of poison resistance
Scrolls
 e - 3 scrolls of enchant armour {unknown}
 f - 3 scrolls of identify {unknown}
 g - a scroll of blinking {unknown}
 k - 4 scrolls of remove curse {unknown}
 l - a scroll of teleportation {unknown}
Potions
 i - 3 potions of flight {unknown}
 j - a potion of curing
 m - a potion of degeneration {unknown}
 n - 2 potions of heal wounds {unknown}
Comestibles
 d - 7 rations


   Skills:
 + Level 3.0 Fighting
 + Level 2.7 Throwing
 + Level 1.8 Armour
 - Level 2.6 Dodging
 * Level 4.1 Unarmed Combat


You had 4 spell levels left.
You didn't know any spells.
Your spell library was empty.

Dungeon Overview and Level Annotations

Branches:
Dungeon (4/15)
 Temple: D:4-7

Altars:
Nemelex Xobeh
Qazlal


Innate Abilities, Weirdness & Mutations

When hurt, damage is shared between your health and your magic reserves.


Message History

The worker ant closely misses you. The worker ant bites you.
* * * LOW HITPOINT WARNING * * *
You are lethally poisoned!
The worker ant poisons you!
You barely miss the worker ant.
The worker ant is almost dead.
* * * LOW HITPOINT WARNING * * *
You feel sick. The worker ant barely misses you.
You closely miss the worker ant.
The worker ant is almost dead.
* * * LOW HITPOINT WARNING * * *
You feel sick. The worker ant bites you.
* * * LOW HITPOINT WARNING * * *
You are more poisoned.
The worker ant poisons you!
You barely miss the worker ant.
The worker ant is almost dead.
* * * LOW HITPOINT WARNING * * *
You feel sick. The worker ant bites you!
You die...

######...#
....##...#
....##...#
....##...#
....†....#
....####.# ....#
#.#
########.#########
...............a@#
.#################
.# .# )# .# .#
.#########
.##......#


You could see a worker ant.

Vanquished Creatures
  4 gnolls (D:3)
  8 adders
  An ooze (D:1)
  4 dart slugs
  2 worms
  3 leopard geckos
  2 orcs
  7 bats
  2 giant cockroaches
  2 hobgoblins
  7 kobolds
  2 quokkas
  A ball python (D:1)
  4 frilled lizards
  3 goblins
  8 rats
60 creatures vanquished.

Notes
Turn   | Place    | Note
-------+----------+-------------------------------------------
     0 | D:1      | DrKleor the Demonspawn Gladiator began the quest for the
                  | Orb.
     0 | D:1      | Reached XP level 1. HP: 16/16 MP: 1/1
   227 | D:1      | Gained mutation: When hurt, damage is shared between your
                  | health and your magic reserves. [demonic ancestry]
   227 | D:1      | Reached XP level 2. HP: 19/22 MP: 2/2
   266 | D:1      | Reached skill level 3 in Unarmed Combat
  1013 | D:1      | Reached XP level 3. HP: 23/28 MP: 1/3
  1145 | D:1      | Reached skill level 1 in Armour
  1709 | D:2      | Reached XP level 4. HP: 34/34 MP: 4/4
  2498 | D:3      | Found a stormy altar of Qazlal.
  2547 | D:3      | Reached XP level 5. HP: 32/40 MP: 3/5
  2549 | D:3      | Reached skill level 4 in Unarmed Combat
  2845 | D:3      | Found a sparkling altar of Nemelex Xobeh.
  3193 | D:3      | Slain by a worker ant

Levels and vault maps discovered:
D:1:      saegor_arrival_simple_e, layout_rooms, hangedman_decor_points
D:2:      layout_rooms, minmay_tetromino_l2
D:3:      layout_basic, overflow_temple_1_default, nemelex_lonely_heart_becter
D:4:      layout_loops_ring, minmay_temple_entry_tees, grunt_decor_resistance

Skill      XL: |  1  2  3  4  5 |
---------------+----------------+-----
Throwing       | 2 |  2.7
Unarmed Combat | 3 4 |  4.1
Armour         | 1 |  1.8
Fighting       | 3 |  3.0
Dodging        | |  2.6

Action                   |  1- 3 |  4- 6 || total
-------------------------+-------+-------++-------
Melee: Unarmed           |   167 |   130 ||   297
       Punch             |     4 |     1 ||     5
 Stab: Sleeping          |     1 |       ||     1
  Eat: Chunk             |     2 |     5 ||     7
Armor: Leather armour    |    43 |    23 ||    66
Dodge: Dodged            |   101 |    91 ||   192

Table legend:
 A = Non-vault XP
 B = Vault XP
 C = Vault XP percentage of total XP
 D = Non-vault monster count
 E = Vault monster count
 F = Vault count percentage of total count
                 A         B        C        D         E       F
            +---------+---------+-------+---------+---------+-------
      Total |     256 |       2 |   0.8 |      58 |       2 |   3.3
            +---------+---------+-------+---------+---------+-------
        D:1 |      60 |       1 |   1.6 |      20 |       1 |   4.8
        D:2 |      53 |       1 |   1.9 |      17 |       1 |   5.6
        D:3 |     143 |       0 |   0.0 |      21 |       0 |   0.0
            +---------+---------+-------+---------+---------+-------
